 Dungeon Crawl Stone Soup version 0.30.1 (webtiles) character file.

Game seed: 5736230483558797165

81 coffeetime the Caller (level 4, -7/24 HPs)
             Began as a Deep Elf Summoner on July 4, 2023.
             Was an Initiate of Sif Muna.
             Asphyxiated
             ... on level 4 of the Dungeon.
             The game lasted 00:11:23 (1628 turns).

coffeetime the Caller (Deep Elf Summoner)           Turns: 1628, Time: 00:11:27

Health: -7/24      AC:  2    Str:  5    XL:     4   Next: 20%
Magic:  7/12       EV: 13    Int: 22    God:    Sif Muna [......]
Gold:   90         SH:  0    Dex: 21    Spells: 5/11 levels left

rFire   . . .        c - +1 short sword (speed)
rCold   . . .        (no shield)
rNeg    . . .        a - +0 robe
rPois   .            (no helmet)
rElec   .            (no cloak)
rCorr   .            (no gloves)
SInv    .            (no boots)
Will    .....        (no amulet)
Stlth   +++          m - +6 ring of dexterity
HPRegen 0.24/turn    (no ring)
MPRegen 0.13/turn

%: no passive effects
@: lethally poisoned (-7 -> -21), slowed, very slow
A: no striking features
a: Renounce Religion


You were on level 4 of the Dungeon.
You worshipped Sif Muna.
Sif Muna was noncommittal.
You visited 1 branch of the dungeon, and saw 4 of its levels.

You collected 90 gold pieces.

Inventory:

Hand Weapons
 c - a +1 short sword of speed (weapon)
 j - a +0 quarterstaff
 k - a +1 short sword of flaming
Armour
 a - a +0 robe (worn)
 e - a +0 leather armour
Jewellery
 m - a +6 ring of dexterity (left hand)
 o - an amulet of guardian spirit
Scrolls
 d - 2 scrolls of teleportation {unknown}
 h - a scroll of butterflies {unknown}
 l - 2 scrolls of identify {unknown}
Potions
 b - a potion of magic
 f - 2 potions of mutation {unknown}
 g - 3 potions of heal wounds {unknown}
 i - 3 potions of might {unknown}
 n - a potion of curing {unknown}


   Skills:
 + Level 0.1 Fighting
 + Level 2.7 Dodging
 + Level 2.6 Stealth
 - Level 4.2 Spellcasting
 + Level 5.5 Summonings


You had 5 spell levels left.
You knew the following spells:

 Your Spells              Type           Power      Damage    Failure   Level
a - Summon Small Mammal   Summ           100%       N/A       1%          1
b - Call Imp              Summ           58%        N/A       1%          2
c - Call Canine Familiar  Summ           29%        N/A       3%          3

Your spell library contained the following spells:

 Spells                   Type           Power      Damage    Failure   Level
 Summon Guardian Golem    Hex/Summ       16%        N/A       11%         3
 Summon Lightning Spire   Summ/Air       16%        N/A       34%         4


Dungeon Overview and Level Annotations

Branches:
Dungeon (4/15)
 Temple: D:4-7

Altars:
Sif Muna
Wu Jian
Xom

Annotations:
D:2 Sigmund


Message History

The adder barely misses your cerulean imp.
Your cerulean imp hits the adder with a -2 spear.
The adder dies!
Sif Muna accepts your kill.
Found a scroll labelled LOUNIXT PUTTACK.
Your cerulean imp hits the giant cockroach with a -2 spear.
Found 5 stones.
The giant cockroach bites your cerulean imp.
The giant cockroach closely misses your cerulean imp.
Your cerulean imp hits the giant cockroach with a -2 spear.
The giant cockroach dies!
Sif Muna accepts your kill.
Found 11 gold pieces.
The helpless orc fails to defend itself.
You puncture the orc!
You kill the orc!
Sif Muna accepts your kill.
Casting: Call Imp (safe; 1% risk of failure)
Confirm with . or Enter, or press ? or * to list all spells.
A tiny devil pulls itself out of the air.
The kobold brigand shouts!
Your cerulean imp disappears in a puff of smoke!
Your cerulean imp closely misses the kobold brigand.
A ball python comes into view.
Found a scroll labelled ILILUKEYLI and a leather armour.
The kobold brigand throws a curare-tipped dart.
The curare-tipped dart closely misses your quokka.
The curare-tipped dart hits you.
You are poisoned.
You have difficulty breathing.
* * * LOW HITPOINT WARNING * * *
You feel yourself slow down.
Your cerulean imp hits the kobold brigand but does no damage.
You feel sick.
The kobold brigand throws a curare-tipped dart.
The curare-tipped dart closely misses your quokka.
The curare-tipped dart hits you.
You are lethally poisoned!
You have difficulty breathing.
You die...

#[ #######.#### #.#
#........(.#
...#..........#
#.#..........##.
#.........?.....
#....)5.......
#......rK.....
.######.....#..##..
.S?.$..@###.# ...#
#..###### #.### ...
#...# #.# ....
###.# #.# #...
#.###.# #...
#.)##.###...
##.†...##.g. #
###.#.##... #.
#.#..#..S


You could see a kobold brigand (ally target), a ball python (asleep), a friendly
cerulean imp (summoned) and a friendly quokka (summoned).

Vanquished Creatures
  An orc (D:4)
  An endoplasm (D:1)
  A giant cockroach (D:1)
  2 quokkas
  3 bats (D:1)
  A rat (D:1)
9 creatures vanquished.

Vanquished Creatures (collateral kills)
  4 adders
  2 orcs
  4 endoplasms (D:1)
  2 giant cockroaches
  2 hobgoblins
  3 kobolds
  2 quokkas
  A ball python (D:1)
  A bat (D:1)
  2 frilled lizards (D:1)
  3 goblins
  2 rats (D:1)
28 creatures vanquished.

Vanquished Creatures (others)
  An orc wizard (D:4)
  A gnoll (D:4)
  A ball python (D:4)
  A kobold (D:4)
4 creatures vanquished.

Grand Total: 41 creatures vanquished

Notes
Turn   | Place    | Note
-------+----------+-------------------------------------------
     0 | D:1      | coffeetime the Deep Elf Summoner began the quest for the
                  | Orb.
     0 | D:1      | Reached XP level 1. HP: 10/10 MP: 6/6
   208 | D:1      | Reached XP level 2. HP: 12/15 MP: 5/8
   427 | D:1      | Found a faded altar of an unknown god.
   669 | D:1      | Learned a level 2 spell: Call Imp
   797 | D:1      | Reached skill level 5 in Summonings
  1052 | D:2      | Noticed Sigmund
  1087 | D:2      | Reached XP level 3. HP: 19/19 MP: 8/10
  1435 | D:2      | You fall into a shaft and drop 2 floors!
  1441 | D:4      | Found an ornate altar of the Wu Jian Council.
  1441 | D:4      | Found a shimmering altar of Xom.
  1442 | D:4      | Noticed an ogre
  1461 | D:4      | Found a shimmering blue altar of Sif Muna.
  1539 | D:4      | Noticed a kobold brigand
  1563 | D:3      | Learned a level 3 spell: Call Canine Familiar
  1592 | D:4      | Reached XP level 4. HP: 24/24 MP: 10/12
  1601 | D:4      | Became a worshipper of Sif Muna the Loreminder
  1628 | D:4      | Asphyxiated

Illustrated notes

Levels and vault maps discovered:
D:1:      tarquinn_simple_flora_water_e, layout_basic,
          hellmonk_ecumenical_altar_crossroads, grunt_decor_one_mirror,
          dreamdust_wishing_well
D:2:      layout_loops_ring, serial_glass, glass_columns_a, glass_columns_a,
          glass_columns_c, glass_columns_b, glass_columns_b, glass_columns_a,
          uniq_sigmund
D:3:      layout_loops_corners, amcnicky_altar_gilded, lemuel_crystal_altar,
          uniq_ijyb, uniq_terence
D:4:      layout_rooms, xom_confusion_cloud, mainiacjoe_overflow_catwalk,
          overflow_temple_1_default

Skill      XL: |  1  2  3 |
---------------+----------+-----
Summonings     | 5 |  5.5
Spellcasting   | 4 |  4.2
Fighting       | |  0.1
Dodging        | |  2.7
Stealth        | |  2.6

Action                     |  1- 3 |  4- 6 || total
---------------------------+-------+-------++-------
  Melee: Short sword       |    21 |     1 ||    22
   Cast: Summon Small Mamm |    38 |     2 ||    40
         Call Imp          |    10 |     3 ||    13
   Stab: Sleeping          |     2 |     1 ||     3
 Armour: Robe              |    13 |       ||    13
  Dodge: Dodged            |    34 |     3 ||    37
